 Dungeon Crawl Stone Soup version 0.23-a0-436-g57debff (webtiles) character file.

3 Lavandula the Chucker (level 1, 0/14 HPs)
             Began as an Octopode Hunter on Nov 16, 2018.
             Slain by a bat (1 damage)
             ... on level 1 of the Dungeon.
             The game lasted 00:00:33 (131 turns).

Lavandula the Chucker (Octopode Hunter)              Turns: 131, Time: 00:00:33

Health: 0/14       AC:  1    Str: 11    XL:     1   Next: 50%
Magic:  1/1        EV: 13    Int: 13    God:
Gold:   35         SH:  0    Dex: 12    Spells: 0/0 levels left

rFire    . . .     SeeInvis .     - Unarmed
rCold    . . .     Gourm    .   (no shield)
rNeg     . . .     Faith    .   (helmet restricted)
rPois    .         Spirit   .   (no amulet)
rElec    .         Reflect  .   (no ring)
rCorr    .         Harm     .   (no ring)
MR       .....                  (no ring)
Stlth    +++.......             (no ring)
HPRegen  0.04/turn              (no ring)
MPRegen  0.07/turn              (no ring)
                                (no ring)
                                (no ring)

@: no status effects
A: almost no armour, stealthy swim, amphibious, 8 rings, constrict 8, camouflage
1, gelatinous body 1
a: no special abilities


You were on level 1 of the Dungeon.
You were not hungry.

You visited 1 branch of the dungeon, and saw 2 of its levels.

You collected 35 gold pieces.

Inventory:

Missiles
 a - 14 stones
 b - 6 javelins (quivered)
 c - 2 throwing nets
Comestibles
 d - a ration


   Skills:
 - Level 2.0 Fighting
 - Level 4.0 Throwing
 - Level 2.0 Dodging
 - Level 1.3 Stealth
 + Level 1.0 Unarmed Combat


You couldn't memorise any spells.
You didn't know any spells.
Your spell library was empty.

Dungeon Overview and Level Annotations

Branches:
Dungeon (2/15)

Altars:


Innate Abilities, Weirdness & Mutations

You cannot wear most types of armour.
You are very stealthy in the water. (Stealth+)
You are amphibious.
You can wear up to eight rings at the same time.
You can use your tentacles to constrict eight enemies at once.
Your skin changes colour to match your surroundings (Stealth+).
Your rubbery body absorbs attacks. (AC +1, EV +1)


Message History

The bat hits you but does no damage. The bat barely misses you.
The bat hits you. x2
A bat comes into view.
The bat hits you but does no damage. The bat hits you.
You tentacle-slap the dart slug but do no damage.
You grab the dart slug. You constrict the dart slug. The bat misses you.
You tentacle-slap the dart slug.
The dart slug is moderately wounded.
You constrict the dart slug. The bat hits you.
* * * LOW HITPOINT WARNING * * *
The dart slug bites you.
* * * LOW HITPOINT WARNING * * *
You tentacle-slap the dart slug. You squeeze the dart slug.
You kill the dart slug!
Your Unarmed Combat skill increases to level 1!
The bat misses you. The bat hits you but does no damage.
You miss the bat. Your grab misses the bat. Your squeeze misses the bat.
The bat hits you but does no damage. The bat hits you.
You die...

# #########
#.#....@b.#
#.#.#####.#
#.#'#...#.#
#.....#.#.#
#.....#.#.#
#[....#.#b#
#.......#.#
#.#.....#.#
#.#.....#


You could see a bat.

Vanquished Creatures
  A dart slug (D:1)
  A kobold (D:1)
2 creatures vanquished.

Notes
Turn   | Place    | Note
-------+----------+-------------------------------------------
     0 | D:1      | Lavandula the Octopode Hunter began the quest for the Orb.
     0 | D:1      | Reached XP level 1. HP: 14/14 MP: 1/1
    46 | D:2      | Noticed a crimson imp
   129 | D:1      | Reached skill level 1 in Unarmed Combat
   131 | D:1      | Slain by a bat

Vault maps used:
D:1:      lightli_arrival_noodles, kennysheep_pointless_box, minmay_pentomino_q4
D:2:      lemuel_blue_sif_altar

Skill      XL: |  1 |
---------------+----+-----
Unarmed Combat | 1 |  1.0
Fighting       | |  2.0
Throwing       | |  4.0
Dodging        | |  2.0
Stealth        | |  1.3

Action                   || total
-------------------------++-------
Melee: Unarmed           ||     9
       Constrict         ||     2
       Tentacles         ||     1
 Stab: Sleeping          ||     1
Armor: Skin              ||     5
Dodge: Dodged            ||     7

Table legend:
 A = Non-vault XP
 B = Vault XP
 C = Vault XP percentage of total XP
 D = Non-vault monster count
 E = Vault monster count
 F = Vault count percentage of total count
                 A         B        C        D         E       F
            +---------+---------+-------+---------+---------+-------
      Total |       5 |       0 |   0.0 |       2 |       0 |   0.0
            +---------+---------+-------+---------+---------+-------
        D:1 |       5 |       0 |   0.0 |       2 |       0 |   0.0
            +---------+---------+-------+---------+---------+-------
